 Dungeon Crawl Stone Soup version 0.29.0-11-gd7f09526c8 (webtiles) character file.

Game seed: 18001265026826614374

196 Tressol the Ruffian (level 5, 0/48 HPs)
             Began as a Troll Transmuter on Sept 6, 2022.
             Slain by Sigmund
             ... wielding a +4 scythe of flaming
              (2 damage)
             ... on level 3 of the Dungeon.
             The game lasted 00:06:43 (2056 turns).

Tressol the Ruffian (Troll Transmuter)              Turns: 2056, Time: 00:06:44

Health: 0/48       AC:  4    Str: 18    XL:     5   Next: 46%
Magic:  4/7        EV: 10    Int: 11    God:
Gold:   231        SH:  0    Dex: 10    Spells: 2/8 levels left

rFire   . . .      SeeInvis .     - Unarmed
rCold   . . .      Faith    .   (no shield)
rNeg    . . .      Spirit   .   a - +0 robe
rPois   .          Reflect  .   (helmet currently unavailable)
rElec   .          Harm     .   (no cloak)
rCorr   .          Rampage  .   (gloves unavailable)
Will    .....                   (boots unavailable)
Stlth   +.........              (no amulet)
HPRegen 0.96/turn               (no ring)
MPRegen 0.10/turn               (no ring)

@: confused, mighty, appendages (expiring)
A: horns 2, talons 2, large, unfitting armour, claws 3, regeneration 1, shaggy
fur 1, tough skin 1
a: End Transformation


You were on level 3 of the Dungeon.
You had temporarily grown beastly horns and talons.
You visited 1 branch of the dungeon, and saw 3 of its levels.

You collected 231 gold pieces.

Inventory:

Missiles
 c - a throwing net
 i - a stone (quivered)
Armour
 a - a +0 robe (worn)
Scrolls
 d - a scroll of enchant weapon {unknown}
 f - 2 scrolls of identify {unknown}
 h - a scroll of fear {unknown}
 j - a scroll of magic mapping {unknown}
 k - a scroll of acquirement {unknown}
 m - a scroll of poison {unknown}
Potions
 b - a potion of lignification
 e - 2 potions of might
 g - 2 potions of heal wounds {unknown}
 l - a potion of magic {unknown}
 n - a potion of curing {unknown}


   Skills:
 * Level 1.4 Fighting
 * Level 0.1 Throwing
 - Level 2.0 Dodging
 * Level 4.6 Unarmed Combat
 * Level 2.0 Spellcasting
 * Level 2.1 Transmutations


You had 2 spell levels left.
You knew the following spells:

 Your Spells              Type           Power      Damage    Failure   Level
A - Beastly Appendage     Tmut           10%        N/A       12%         1
S - Spider Form           Tmut/Pois      3%         N/A       50%         3
W - Wereblood             Tmut           5%         N/A       19%         2

Your spell library contained the following spells:

 Spells                   Type           Power      Damage    Failure   Level
 Ice Form                 Ice/Tmut       3%         N/A       88%         4


Dungeon Overview and Level Annotations

Branches:
Dungeon (3/15)

Altars:
Okawaru

Annotations:
D:3 Sigmund


Innate Abilities, Weirdness & Mutations

You have temporarily grown beastly horns and talons.
You are too large for most types of armour.
You have claws for hands.
Your natural rate of healing is unusually fast.
You are covered in fur. (AC +1)
You have tough skin. (AC +1)


Message History

Confirm with . or Enter, or press ? or * to list all spells.
You grow a pair of large bovine horns.
Your feet morph into talons.
Sigmund gestures wildly while chanting.
Sigmund flickers and vanishes!
Deactivating autopickup; reactivate with Ctrl-A.
The adder bites you but does no damage.
Casting: Beastly Appendage (safe; 12% risk of failure)
Confirm with . or Enter, or press ? or * to list all spells.
You miscast Wereblood.
You are very lightly contaminated with residual magic.
Nothing appears to happen.
The adder bites you but does no damage.
Unknown command.
You closely miss the adder. You claw the adder!
You kill the adder!
You hear some strange, mumbled words.
A puff of flame appears from out of thin air!
The puff of flame hits you!
Your Spellcasting skill increases to level 2!
Something hits you! Something burns you.
You see here an adder corpse.
You barely miss something. You miss something. Your kick misses something.
Your transformation is almost over.
Something hits you!
* * * LOW HITPOINT WARNING * * *
Something burns you.
* * * LOW HITPOINT WARNING * * *
You claw something! Something hits you but does no damage.
You closely miss something. Your claw misses something. You miss something.
Your kick misses something.
You hear some strange, mumbled words.
You are confused.
You bump into the rock wall.
You hear some strange, mumbled words.
You are more confused.
Your magical contamination has completely faded away.
You bump into the rock wall.
Something hits you.
* * * LOW HITPOINT WARNING * * *
Something burns you.
You die...

#######.
###.......
#...#### #
#.#{#<.#.#.##
#..@#>......#
###)#.#######
#.#.......#
#######.#.#####.#
#.....#.#.....#
#.###.#.#.###.#
#.# #.#.#.## .#
#.# #.#.#..##.#
#.# #.........##


There were no monsters in sight!

Vanquished Creatures
  An orc priest (D:2)
  Jessica (D:3)
  2 orc wizards (D:2)
  3 adders
  3 gnolls (D:2)
  2 orcs (D:2)
  2 bats
  An endoplasm (D:2)
  A giant cockroach (D:1)
  5 goblins
  2 hobgoblins
  7 kobolds
  3 quokkas
  3 ball pythons
  2 frilled lizards (D:1)
  4 rats
42 creatures vanquished.

Notes
Turn   | Place    | Note
-------+----------+-------------------------------------------
     0 | D:1      | Tressol the Troll Transmuter began the quest for the Orb.
     0 | D:1      | Reached XP level 1. HP: 18/18 MP: 1/1
   317 | D:1      | Reached XP level 2. HP: 26/26 MP: 0/3
   328 | D:1      | Learned a level 2 spell: Wereblood
   823 | D:1      | Reached skill level 1 in Fighting
  1060 | D:2      | Reached XP level 3. HP: 33/33 MP: 2/4
  1215 | D:2      | Reached skill level 4 in Unarmed Combat
  1215 | D:2      | Reached XP level 4. HP: 41/41 MP: 2/5
  1507 | D:2      | Reached XP level 5. HP: 48/48 MP: 2/6
  1583 | D:2      | Found an iron altar of Okawaru.
  1900 | D:3      | Learned a level 3 spell: Spider Form
  1915 | D:3      | Found a faded altar of an unknown god.
  1942 | D:3      | Noticed Jessica
  1962 | D:3      | Killed Jessica
  2037 | D:3      | Noticed Sigmund
  2051 | D:3      | HP: 2/48 [something (5)]
  2056 | D:3      | HP: 2/48 [something (5)]
  2056 | D:3      | Slain by Sigmund

Illustrated notes

Levels and vault maps discovered:
D:1:      saegor_arrival_simple_d, layout_loops_corners, minmay_crystal_room,
          minmay_split_cup_small
D:2:      cheibrodos_pilgrimage, layout_basic, basic_altar
D:3:      layout_basic, nicolae_ecumenical_pavilion, uniq_sigmund, uniq_jessica

Skill      XL: |  1  2  3  4  5 |
---------------+----------------+-----
Fighting       | 1 |  1.4
Unarmed Combat | 4 |  4.6
Dodging        | 2 |  2.0
Transmutations | 2 |  2.1
Spellcasting   | 2 |  2.0
Throwing       | |  0.1

Action                   |  1- 3 |  4- 6 || total
-------------------------+-------+-------++-------
Melee: Unarmed           |    60 |    42 ||   102
       Kick              |     6 |     5 ||    11
       Headbutt          |     5 |       ||     5
       Punch             |       |     1 ||     1
 Cast: Beastly Appendage |    12 |     9 ||    21
       Wereblood         |     1 |     1 ||     2
  Use: Potion            |       |     1 ||     1
Armor: Robe              |    16 |     9 ||    25
Dodge: Dodged            |    21 |     9 ||    30
